 Dungeon Crawl Stone Soup version 0.18.1-8-gdd0e5ea (webtiles) character file.

167 Guinours the Sneak (level 5, 0/26 HPs)
             Began as a Spriggan Assassin on May 30, 2016.
             Was a Follower of Dithmenos.
             Slain by Guinours's ghost (6 damage)
             ... on level 3 of the Dungeon.
             The game lasted 00:12:11 (2404 turns).

Guinours the Sneak (Spriggan Assassin)              Turns: 2404, Time: 00:12:12

Health: 0/26       AC:  4    Str: 12    XL:     5   Next: 23%
Magic:  6/6        EV: 18    Int: 13    God:    Dithmenos [*.....]
Gold:   121        SH:  0    Dex: 17    Spells: 0 memorised, 4 levels left

rFire  . . .     SeeInvis +     h - +3 dagger (drain)
rCold  . . .     Gourm    .     c - +0 robe
rNeg   . . .     Faith    .     (shield restricted)
rPois  .         Spirit   .     (helmet restricted)
rElec  .         Dismiss  .     d - +1 cloak
rCorr  .         Reflect  .     (gloves unavailable)
SustAt .         Harm     .     (boots unavailable)
MR     +....                    (no amulet)
Stlth  +++++.....               l - +4 ring of strength
                                o - ring of protection from magic

@: wreathed by umbra, very quick, somewhat resistant to hostile enchantments,
quite stealthy
A: unfitting armour, see invisible, herbivore 3, speed 3, slow metabolism 2
a: Renounce Religion


You were on level 3 of the Dungeon.
You worshipped Dithmenos.
Dithmenos was aware of your devotion.
You were not hungry.

You visited 1 branch of the dungeon, and saw 4 of its levels.

You collected 121 gold pieces.

Inventory:

Hand Weapons
 b - a +0 blowgun
 h - a +3 dagger of draining (weapon)
Missiles
 e - 8 poisoned needles
 f - 2 curare-tipped needles
Armour
 c - a +0 robe (worn)
 d - a +1 cloak (worn)
Jewellery
 i - an uncursed ring of sustain attributes
 l - a +4 ring of strength (right hand)
 o - a ring of protection from magic (left hand)
Scrolls
 a - 2 scrolls of identify {unknown}
 k - a scroll of enchant armour
 m - a scroll of remove curse
Potions
 j - 3 potions of heal wounds {unknown}
 n - 2 potions of curing {unknown}
 p - a potion of magic {unknown}
 r - a potion of flight {unknown}
Comestibles
 g - a bread ration


   Skills:
 + Level 1.9 Fighting
 + Level 2.9 Short Blades
 - Level 2.0 Throwing
 * Level 1.7 Armour
 + Level 2.8 Dodging
 + Level 7.8 Stealth


You had 4 spell levels left.
You didn't know any spells.

Dungeon Overview and Level Annotations

Branches:
Dungeon (4/15)
 Temple: D:4-7

Altars:
Ashenzari
Dithmenos
Gozag
Okawaru
Ru
Vehumet

Annotations:
D:3 Guinours's ghost, amateur FoFi


Innate Abilities, Weirdness & Mutations

You are tiny and cannot use many weapons and most armour.
You have supernaturally acute eyesight.
You are a herbivore.
You cover ground extremely quickly.
You need consume almost no food.


Message History

Guinours's ghost hits you.
You hit Guinours's ghost but do no damage.
Guinours's ghost is lightly damaged.
Guinours's ghost barely misses you.
You barely miss Guinours's ghost.
Guinours's ghost is lightly damaged.
You closely miss Guinours's ghost.
Guinours's ghost is lightly damaged.
Guinours's ghost barely misses you.
You hit Guinours's ghost.
Guinours's ghost is moderately damaged.
Guinours's ghost completely misses you.
You hit Guinours's ghost but do no damage.
Guinours's ghost is moderately damaged.
Guinours's ghost hits you!
* * * LOW HITPOINT WARNING * * *
You hit Guinours's ghost but do no damage.
Guinours's ghost is moderately damaged.
Guinours's ghost hits you.
You die...

.........#
#........#
.........#
#........#
.........#
#........#
.........#
#........#
.........#
#........#
##########
#........#
#........#
#........#
#....@W..+
#........#
#####+####


You could see Guinours's ghost.

Vanquished Creatures
  Natasha (twice) (D:2)
  3 gnolls (D:4)
  2 adders (D:2)
  An ooze (D:2)
  A worm (D:2)
  A dart slug (D:1)
  4 giant geckos
  6 giant cockroaches
  8 goblins
  9 hobgoblins
  2 jackals (D:1)
  4 kobolds (D:1)
  2 quokkas (D:2)
  A ball python (D:1)
  3 bats
  4 giant newts
  6 rats
59 creatures vanquished.

Vanquished Creatures (others)
  An iguana (D:4)
1 creature vanquished.

Grand Total: 60 creatures vanquished

Notes
Turn   | Place    | Note
--------------------------------------------------------------
     0 | D:1      | Guinours the Spriggan Assassin began the quest for the Orb.
     0 | D:1      | Reached XP level 1. HP: 10/10 MP: 2/2
    16 | D:1      | Reached skill level 6 in Stealth
   125 | D:1      | Reached XP level 2. HP: 14/14 MP: 3/3
   428 | D:1      | Found a shattered altar of Ashenzari.
   444 | D:1      | Became a worshipper of Ashenzari the Shackled
   669 | D:1      | Reached XP level 3. HP: 18/18 MP: 4/4
   942 | D:2      | Found a radiant altar of Vehumet.
   942 | D:2      | Found an iron altar of Okawaru.
   944 | D:2      | Found a sacrificial altar of Ru.
   979 | D:2      | Found a shadowy altar of Dithmenos.
   991 | D:2      | Reached skill level 1 in Armour
  1007 | D:2      | Fell from the grace of Ashenzari
  1007 | D:2      | Became a worshipper of Dithmenos the Shadowed
  1282 | D:2      | Reached skill level 7 in Stealth
  1294 | D:2      | Found a faded altar to an unknown god.
  1355 | D:2      | Reached XP level 4. HP: 23/23 MP: 5/5
  1404 | D:2      | Noticed Natasha
  1414 | D:2      | Killed Natasha
  1599 | D:2      | Noticed Natasha
  1611 | D:2      | Killed Natasha
  1696 | D:3      | Was forgiven by Ashenzari
  1705 | D:3      | Reached XP level 5. HP: 22/26 MP: 6/6
  1767 | D:3      | Noticed Guinours's ghost (amateur FoFi)
  1817 | D:4      | Found an opulent altar of Gozag.
  1818 | D:4      | Reached * piety under Dithmenos
  2404 | D:3      | Slain by Guinours's ghost

Skill      XL: |  1  2  3 |
---------------+----------+-----
Stealth        | 6 7 |  7.8
Dodging        | 2 |  2.8
Armour         | 1 |  1.7
Fighting       | |  1.9
Short Blades   | |  2.9
Throwing       | |  2.0

Action                   |  1- 3 |  4- 6 || total
-------------------------+-------+-------++-------
Melee: Dagger            |    90 |    78 ||   168
  Use: Scroll            |     6 |       ||     6
 Stab: Sleeping          |     5 |     2 ||     7
Armor: Robe              |     4 |     7 ||    11
Dodge: Dodged            |    55 |    53 ||   108
